 Dungeon Crawl Stone Soup version 0.23.0-3-gf3c87f2 (webtiles) character file.

Game seed: 8488118417330460163

5314 mopl the Grappler (level 10, -9/85 HPs)
             Began as a Troll Hunter on Feb 21, 2019.
             Mangled by Snorg (20 damage)
             ... on level 10 of the Dungeon.
             The game lasted 00:12:43 (8449 turns).

mopl the Grappler (Troll Hunter)                    Turns: 8449, Time: 00:12:44

Health: -9/85      AC: 10    Str: 22    XL:     10   Next: 37%
Magic:  9/9        EV: 10    Int:  7    God:
Gold:   528        SH:  0    Dex: 13    Spells: 9/9 levels left

rFire    + + .     SeeInvis .     - Unarmed
rCold    + . .     Gourm    +   (no shield)
rNeg     . . .     Faith    .   b - +0 robe
rPois    .         Spirit   .   (helmet restricted)
rElec    .         Reflect  .   L - scarf {rC+ rF+}
rCorr    .         Harm     .   (gloves unavailable)
MR       .....                  (boots unavailable)
Stlth    +.........             (no amulet)
HPRegen  0.64/turn              g - ring of protection from fire
MPRegen  0.11/turn              I - +4 ring of protection

@: no status effects
A: large, unfitting armour, claws 3, fast metabolism 3, gourmand, regeneration
1, shaggy fur 1, tough skin 3
a: no special abilities


You were on level 10 of the Dungeon.
You were not hungry.

You visited 1 branch of the dungeon, and saw 10 of its levels.

You collected 528 gold pieces.

Inventory:

Hand Weapons
 G - the +6 quarterstaff "Lifebane" {vamp, MP+9, unknown}
   (You found it on level 5 of the Dungeon)

   It inflicts no extra harm, but heals its wielder when it wounds a living foe.
   It affects your magic capacity (+9).
 K - a +0 dagger of venom
Missiles
 c - 2 large rocks (quivered)
 d - 3 throwing nets
 e - 246 stones
 i - 70 sling bullets
 r - 2 tomahawks
 s - 21 poisoned needles
Armour
 b - a +0 robe (worn)
 L - a scarf of resistance (worn)
Jewellery
 g - a ring of protection from fire (left claw)
 I - a +4 ring of protection (right claw)
 O - a cursed ring of teleportation {unknown}
Wands
 C - a wand of disintegration (16)
Scrolls
 h - a scroll of random uselessness {unknown}
 j - 6 scrolls of teleportation {unknown}
 l - 4 scrolls of remove curse {unknown}
 o - a scroll of noise {unknown}
 p - a scroll of amnesia {unknown}
 q - 3 scrolls of blinking {unknown}
 t - 7 scrolls of identify {unknown}
 w - a scroll of enchant weapon {unknown}
 x - 4 scrolls of magic mapping {unknown}
 y - 2 scrolls of immolation {unknown}
 A - a scroll of silence {unknown}
 H - a scroll of enchant armour {unknown}
 J - 2 scrolls of fog {unknown}
 P - a scroll of holy word {unknown}
Potions
 a - 2 potions of berserk rage {unknown}
 k - 3 potions of mutation {unknown}
 m - 3 potions of degeneration {unknown}
 n - 4 potions of curing {unknown}
 u - a potion of cancellation {unknown}
 v - a potion of ambrosia {unknown}
 z - 4 potions of resistance {unknown}
 B - 5 potions of flight {unknown}
 D - 2 potions of might {unknown}
 E - a potion of magic {unknown}
 F - 2 potions of lignification {unknown}
 M - a potion of invisibility {unknown}
 N - a potion of agility {unknown}
Comestibles
 f - 16 rations


   Skills:
 - Level 1.5 Fighting
 + Level 9.0 Throwing
 - Level 1.5 Dodging
 - Level 0.3 Stealth
 * Level 12.3 Unarmed Combat


You had 9 spell levels left.
You didn't know any spells.
Your spell library contained the following spells:

 Spells                   Type           Power        Failure   Level  Hunger
 Animate Skeleton         Necr           N/A          43%         1    ##.....
 Confusing Touch          Hex            #.....       43%         1    ##.....
 Pain                     Necr           #...         43%         1    ##.....
 Sandblast                Erth           #.....       43%         1    ##.....
 Passwall                 Tmut/Erth      #.......     56%         2    ###....
 Confuse                  Hex            #.......     80%         3    ####...
 Gell's Gravitas          Tloc           #.........   80%         3    ####...
 Regeneration             Chrm/Necr      #.........   80%         3    ####...
 Stone Arrow              Conj/Erth      #.....       80%         3    ####...
 Vampiric Draining        Necr           #.........   80%         3    ####...
 Animate Dead             Necr           N/A          99%         4    #####..
 Petrify                  Tmut/Erth      #.......     99%         4    #####..
 Lee's Rapid Deconstruct  Erth           #.........   100%        5    ######.
 Metabolic Englaciation   Hex/Ice        #.........   100%        5    ######.
 Yara's Violent Unravell  Hex/Tmut       #.........   100%        5    ######.


Dungeon Overview and Level Annotations

Branches:
Dungeon (10/15)            Temple (0/1) D:7            Lair (0/6) D:8
    Orc: D:9-12

Altars:
Ashenzari
Cheibriados
Fedhas
Kikubaaqudgha
Okawaru
Uskayaw
Vehumet
Wu Jian

Shops:
D:8 [

Annotations:
D:10 Snorg


Innate Abilities, Weirdness & Mutations

You are too large for most types of armour.
You have claws for hands.
Your metabolism is lightning-fast.
You like to eat raw meat.
Your natural rate of healing is unusually fast.
You are covered in fur. (AC +1)
You have extremely tough skin. (AC +3)


Message History

You mangle Snorg!!
Snorg is severely wounded.
Snorg closely misses you. Snorg barely misses you. Snorg claws you!
You barely miss Snorg. Your claw misses Snorg.
Snorg is severely wounded.
Something hits you but does no damage.
Snorg goes berserk!
You scratch Snorg but do no damage.
Snorg is severely wounded.
Snorg bites you!! Snorg claws you. Snorg closely misses you.
Something hits you but does no damage.
You barely miss Snorg.
Snorg is severely wounded.
Snorg barely misses you. Snorg claws you but does no damage. x2
Something hits you but does no damage.
You claw Snorg!
Snorg is severely wounded.
Snorg bites you!! Snorg claws you!
* * * LOW HITPOINT WARNING * * *
Snorg claws you!!
You die...

#.#
##.###..######.####....###
#.# #.#
#...................# #.#
#.# ###..###.###....(<...
#.<# ##.....##..........
##..# #.......#.#.>).....
#.##..#####.......÷....
##.#.=## #............
#....#######.#.#........
#((.(.T@......>#........
#..####.{#####...........
... #..# #..####.....# .#
..##. #### ####.#. #.. .
###... §... .. ###...##
#... .. #...#.# (... ...
##.###.## #..# #...


You could see Snorg (berserk).

Vanquished Creatures
  Nergalle (D:10)
  A hippogriff (D:9)
  Sigmund (D:6)
  A wyvern (D:8)
  Eustachio (D:4)
  A hungry ghost (D:9)
  Menkaure (D:7)
  A water moccasin (D:8)
  A sky beast (D:7)
  An orc warrior (D:7)
  4 ice beasts
  2 black bears
  2 ogres
  A phantom (D:8)
  A necrophage (D:7)
  2 centaurs
  6 bullfrogs
  7 killer bees
  4 scorpions
  4 wights
  3 howler monkeys
  5 crimson imps
  A bullfrog zombie (D:8)
  2 hounds
  5 orc priests
  2 jellies
  A centaur skeleton (D:9)
  5 iguanas
  5 orc wizards
  8 worker ants
  A killer bee zombie (D:8)
  A hound zombie (D:6)
  A hound skeleton (D:8)
  A gnoll (D:3)
  A worker ant zombie (D:5)
  15 adders
  2 shadow imps
  An ooze (D:3)
  2 adder zombies
  An adder skeleton (D:4)
  3 worms (D:3)
  7 leopard geckos
  24 orcs
  A ball python (D:2)
  4 giant cockroaches
  9 goblins
  11 hobgoblins
  9 jackals
  10 quokkas
  3 bats
  5 frilled lizards
  2 jackal skeletons
  5 kobolds
  A leopard gecko zombie (D:5)
  11 rats
211 creatures vanquished.

Notes
Turn   | Place    | Note
-------+----------+-------------------------------------------
     0 | D:1      | mopl the Troll Hunter began the quest for the Orb.
     0 | D:1      | Reached XP level 1. HP: 19/19 MP: 0/0
   103 | D:1      | Reached skill level 1 in Unarmed Combat
   157 | D:1      | Reached XP level 2. HP: 27/27 MP: 1/1
   266 | D:1      | Reached skill level 2 in Unarmed Combat
   654 | D:2      | Reached XP level 3. HP: 31/33 MP: 2/2
   773 | D:2      | Reached skill level 4 in Throwing
  1501 | D:3      | Reached skill level 3 in Unarmed Combat
  1501 | D:3      | Reached XP level 4. HP: 36/41 MP: 3/3
  1601 | D:3      | HP: 1/41 [orc priest/divine providence (11)]
  1603 | D:3      | Reached XP level 5. HP: 2/48 MP: 4/4
  1724 | D:3      | Reached skill level 4 in Unarmed Combat
  1879 | D:3      | Found a hide-covered altar of Uskayaw.
  1879 | D:3      | Found a radiant altar of Vehumet.
  1881 | D:3      | Found an ancient bone altar of Kikubaaqudgha.
  1884 | D:3      | Found an iron altar of Okawaru.
  1885 | D:3      | Found a snail-covered altar of Cheibriados.
  2233 | D:3      | Reached XP level 6. HP: 51/55 MP: 5/5
  2390 | D:3      | Reached skill level 5 in Unarmed Combat
  2921 | D:4      | Found a blossoming altar of Fedhas.
  2986 | D:4      | Reached skill level 5 in Throwing
  3115 | D:4      | Noticed Eustachio
  3145 | D:4      | Killed Eustachio
  3145 | D:4      | Reached skill level 6 in Unarmed Combat
  3145 | D:4      | Reached XP level 7. HP: 42/62 MP: 6/6
  3504 | D:5      | Entered Level 5 of the Dungeon
  3659 | D:5      | Found an ornate altar of the Wu Jian Council.
  3853 | D:5      | Reached skill level 7 in Unarmed Combat
  3924 | D:5      | Got an ancient quarterstaff
  4085 | D:5      | Reached skill level 6 in Throwing
  4121 | D:5      | Reached XP level 8. HP: 66/70 MP: 7/7
  4524 | D:6      | Reached skill level 8 in Unarmed Combat
  4729 | D:6      | Noticed Sigmund
  4983 | D:6      | Killed Sigmund
  5193 | D:7      | Reached skill level 9 in Unarmed Combat
  5408 | D:7      | Reached skill level 7 in Throwing
  5442 | D:7      | Found a shattered altar of Ashenzari.
  5505 | D:7      | Reached XP level 9. HP: 64/76 MP: 8/8
  5633 | D:7      | Reached skill level 10 in Unarmed Combat
  5723 | D:7      | Found a staircase to the Ecumenical Temple.
  5740 | D:7      | Noticed Menkaure
  5755 | D:7      | Killed Menkaure
  6165 | D:8      | Found a staircase to the Lair.
  6237 | D:8      | Reached skill level 8 in Throwing
  6429 | D:8      | Reached skill level 11 in Unarmed Combat
  6534 | D:8      | Found Awnuceh's Armour Boutique.
  7379 | D:9      | Reached XP level 10. HP: 75/85 MP: 9/9
  7954 | D:10     | Entered Level 10 of the Dungeon
  7974 | D:10     | Noticed Snorg
  8150 | D:10     | Noticed Nergalle
  8201 | D:10     | Killed Nergalle
  8201 | D:10     | Reached skill level 12 in Unarmed Combat
  8232 | D:10     | Reached skill level 9 in Throwing
  8449 | D:10     | Mangled by Snorg

Skill      XL: |  1  2  3  4  5  6  7  8  9 10 |
---------------+-------------------------------+-----
Unarmed Combat | 1 2 3 4 6 7 9 11 12 | 12.3
Throwing       | 4 5 6 7 8 9 |  9.0
Fighting       | |  1.5
Dodging        | |  1.5
Stealth        | |  0.3

Action                   |  1- 3 |  4- 6 |  7- 9 | 10-12 || total
-------------------------+-------+-------+-------+-------++-------
Melee: Unarmed           |   104 |   180 |   329 |    74 ||   687
       Punch             |     1 |     5 |    10 |     2 ||    18
Throw: Stone             |       |       |    26 |       ||    26
       Large rock        |       |       |       |     3 ||     3
Evoke: Wand              |       |       |     2 |       ||     2
 Stab: Sleeping          |       |       |     2 |       ||     2
  Eat: Chunk             |    16 |    18 |    39 |    12 ||    85
Armor: Robe              |    43 |    89 |    95 |    21 ||   248
Dodge: Dodged            |    46 |    99 |   144 |    24 ||   313
